Cogmind - Beta 17.1 @@@ ROGUE MODE // 2026.08.29 @ 14:33:18 Player: FR-13D Result: Destroyed by JD-1MW(R) with Subdweller Laser Performance ------------- Evolutions (0) 0 Regions Visited (2) 400 Robots Destroyed (15) 75 Value Destroyed (347) 347 Prototype IDs (0) 0 Alien Tech Used (0) 0 Bonus (0) 0 TOTAL SCORE: 822 Bonus ------- None Cogmind --------- Core Integrity 0/250 Matter 284/300 Energy 246/265 System Corruption 0% Temperature Cool (6) Movement Rolling (95) Location -10/Subcaves Parts ------- > --- POWER (1) -------- Improved Ion Engine > --- PROPULSION (2) --- Wheel Subdweller Monowheel > --- UTILITY (2) ------ Small Storage Unit Sensor Array > --- WEAPON (2) ------- Subdweller Laser Slug Cannon > --- INVENTORY (8) ---- Improved Ion Engine Subdweller Power Source Wheel Disposable Heat Sink Subdweller Optics Seismic Detector Subdweller Machine Gun Mining Laser Peak State ------------ > --- POWER ------------ Improved Ion Engine > --- PROPULSION ------- Subdweller Monowheel Subdweller Monowheel > --- UTILITY ---------- Small Storage Unit Sensor Array > --- WEAPON ----------- Subdweller Laser Slug Cannon > --- INVENTORY -------- Improved Ion Engine Improved Ion Engine Subdweller Power Source Wheel Wheel Disposable Heat Sink Seismic Detector Mining Laser [Rating: 15] Favorites ----------- Power Improved Ion Engine Engine Improved Ion Engine Propulsion Wheel Treads Light Treads Wheel Wheel Utility Small Storage Unit Device Sensor Array Storage Small Storage Unit Weapon Subdweller Laser Energy Gun Subdweller Laser Ballistic Gun Assault Rifle Ballistic Cannon Slug Cannon Special Weapon Mining Laser Build | -11 -10 -10 ------- Run | Yrd Mat Sub Slots Evolved . | . . . Power . | . . . Propulsion . | . . . Utility . | . . . Weapon . | . . . Parts Attached 22 | 8 2 12 Power 3 | 1 1 1 Engine 3 | 1 1 1 Core . | . . . Reactor . | . . . Propulsion 8 | 3 . 5 Treads 2 | . . 2 Leg . | . . . Wheel 6 | 3 . 3 Hover . | . . . Flight . | . . . Utility 4 | 2 . 2 Device 3 | 1 . 2 Storage 1 | 1 . . Processor . | . . . Hackware . | . . . Protection . | . . . Artifact . | . . . Weapon 7 | 2 1 4 Energy Gun 3 | 1 . 2 Energy Cannon . | . . . Ballistic Gun 2 | 1 1 . Ballistic Cannon 1 | . . 1 Launcher . | . . . Special Weapon 1 | . . 1 Impact Weapon . | . . . Slashing Weapon . | . . . Piercing Weapon . | . . . Special Melee Weapon . | . . . Unidentified Prototypes . | . . . Parts Lost 2 | . . 2 Power 1 | . . 1 Propulsion . | . . . Utility . | . . . Weapon 1 | . . 1 Highest Loss Streak 1 | . . 1 To Critical Strikes . | . . . Average Backups 7 | 3 7 7 Power 2 | . 1 2 Propulsion 2 | 2 3 2 Utility 2 | . . 2 Weapon 1 | . 1 1 Tool/Special . | . . . Unused Backups 7 | . 1 6 Power 3 | . 1 2 Propulsion 1 | . . 1 Utility 2 | . . 2 Weapon 1 | . . 1 Tool/Special . | . . . Average Slot Usage (%) 99 | . 100 99 Engine 13 | . 14 13 Treads 3 | . . 4 Wheel 24 | . 28 23 Device 14 | . 14 14 Storage 14 | . 14 14 Energy Gun 13 | . 14 13 Ballistic Gun 5 | . 14 5 Ballistic Cannon 7 | . . 7 Peak Build Rating 15 | 7 9 15 Average Rating 11 | 5 8 11 On Entrance 5 | . 7 8 Avg Prop Armor Cover (%) . | . . . Naked Turns . | . . . Heaviest Build 24 | 12 17 24 Greatest Support 40 | 26 20 40 Greatest Overweight (x) 1 | . . 1 Average Overweight (x) . | . . . Largest Inventory Capacity 8 | 8 8 8 Average Capacity 7 | 7 8 8 Most Carried 8 | 7 8 8 Average Carried 7 | 3 7 7 Final Capacity 8 | 8 8 8 Final Carried 8 | 7 7 8 Class Distribution -------------------- 100% | Mutant Dominant Class ---------------- Mutant | -10/Materials Mutant | -10/Subcaves Resources | -11 -10 -10 ----------- Run | Yrd Mat Sub Matter Collected 890 | 292 . 598 Remotely . | . . . Salvage Created 498 | 155 . 343 Parts 36 | 7 . 29 Haulers Intercepted . | . . . Recyclers Shooed . | . . . Parts Field Recycled . | . . . Retrieved Matter . | . . . Parts Self-Destructed 17 | . . 17 Prevented . | . . . Parts Restored . | . . . Kills | -11 -10 -10 ------- Run | Yrd Mat Sub Combat Hostiles Destroyed 11 | . . 11 Guns 10 | . . 10 Cannons 1 | . . 1 Classes Destroyed 4 | 2 . 2 Tunneler 3 | 3 . . Recycler 1 | 1 . . Swarmer 4 | . . 4 Subdweller 7 | . . 7 Best Kill Streak 3 | 2 . 3 Combat Bots Only 3 | . . 3 Max Kills in Single Turn 2 | 1 . 2 Gunslinging 1 | . . 1 Exploded . | . . . Melee . | . . . Uniques/NPCs Destroyed . | . . . Combat | -11 -10 -10 -------- Run | Yrd Mat Sub Hostile Shots Fired 71 | . . 71 Missed 27 | . . 27 Hits 44 | . . 44 Projectile 44 | . . 44 Damage Taken 925 | . . 925 Core 258 | . . 258 Absorbed by Shields . | . . . Core Remaining (%) 100 | 100 . . Volleys Fired 78 | 12 4 62 Largest 2 | 2 2 2 Hottest 100 | 70 70 100 Shots Fired 116 | 24 8 84 Gun 86 | 24 8 54 Cannon 16 | . . 16 Launcher . | . . . Special 14 | . . 14 Kinetic 64 | 12 4 48 Thermal 52 | 12 4 36 Explosive . | . . . Electromagnetic . | . . . Robot Hit Streak 12 | 5 1 12 Robot Miss Streak 5 | 3 4 5 Penetration Max . | . . . Secondary Targets 1 | . . 1 Max Gunslinging Chain 1 | . . 1 Shots Hit Robots 60 | 12 2 46 Core Hits 24 | 5 1 18 Critical Kills 1 | . . 1 Critical Parts Destroyed . | . . . Critical Strikes 4 | . . 4 Burn 1 | . . 1 Destroy 3 | . . 3 Melee Attacks . | . . . Impact . | . . . Slashing . | . . . Piercing . | . . . Sneak Attacks . | . . . Combat Hostiles . | . . . Follow-up Attacks . | . . . Damage Inflicted 862 | 122 28 712 Guns 710 | 122 28 560 Cannons 152 | . . 152 Explosions . | . . . Melee . | . . . Ramming . | . . . Kinetic 535 | 48 28 459 Thermal 327 | 74 . 253 Explosive . | . . . Electromagnetic . | . . . Impact . | . . . Slashing . | . . . Piercing . | . . . Highest Corruption . | . . . Average Corruption . | . . . Corruption Purged . | . . . Corruption Blocked . | . . . Overload Shots . | . . . Overflow Damage . | . . . Projectiles . | . . . Explosions . | . . . Melee . | . . . Knockbacks 2 | . . 2 Impact . | . . . Kinetic 2 | . . 2 Secondary . | . . . Self-Inflicted Damage . | . . . Shots . | . . . Rammed . | . . . Targets Rammed . | . . . Kicked . | . . . Crushed . | . . . Highest Temperature 120 | 120 48 . Average Temperature 42 | 48 25 . Received Heat Transfer 156 | . . 156 Siege Activations . | . . . Martial Activations . | . . . Shielding Activations . | . . . Robots Disrupted . | . . . Combat Hostiles . | . . . Robots Corrupted . | . . . Combat Hostiles . | . . . Parts Fried . | . . . Impact Corruptions . | . . . Robots Melted . | . . . Combat Hostiles . | . . . Parts Melted . | . . . Heat Transferred 755 | 222 . 533 Parts Sabotaged . | . . . Parts Stolen . | . . . Parts Stripped . | . . . Power Chain Reactions . | . . . Alert | -11 -10 -10 ------- Run | Yrd Mat Sub Maximum Alert Level . | . . . Low Security (%) 100 | 100 100 . Level 1 . | . . . Level 2 . | . . . Level 3 . | . . . Level 4 . | . . . Level 5 . | . . . High Security . | . . . Max Security . | . . . Peak Influence 10 | 10 5 . Initial . | . . . Average . | . . . Influence Increases 115 | 20 5 90 Destroy 0b10 Robot/C 80 | . . 80 Destroy 0b10 Robot/NC 20 | 20 . . Destroy Leader 10 | . . 10 Successful Hack 5 | . 5 . Influence Decreases 115 | 20 5 90 Time Decay 115 | 20 5 90 Squads Dispatched 1 | . 1 . Investigation . | . . . Extermination . | . . . Reinforcement 1 | . 1 . Assault . | . . . Garrison . | . . . Intercept . | . . . Searches Triggered . | . . . Construction Impeded . | . . . Haulers Reinforced . | . . . Active Scanning Responses . | . . . Cargo Convoy Interrupts . | . . . Stealth | -11 -10 -10 --------- Run | Yrd Mat Sub Distress Signals . | . . . Communications Jammed . | . . . Distress Signals . | . . . Times Spotted 20 | . 5 15 Peak Tracking Total 5 | . 5 3 Tactical Retreats 1 | . . 1 Traps | -11 -10 -10 ------- Run | Yrd Mat Sub Traps Triggered 4 | . . 4 Indirectly . | . . . Trap Hack Attempts . | . . . Triggered . | . . . Disarmed . | . . . Reprogrammed . | . . . Reused . | . . . Traps Extracted . | . . . Installed . | . . . Triggered . | . . . Machines | -11 -10 -10 ---------- Run | Yrd Mat Sub Machines Disabled . | . . . Max in Single Turn . | . . . Machines Repaired . | . . . Machines Dismantled . | . . . Machines Sabotaged . | . . . Overloaded Fab Kills . | . . . Hacking | -11 -10 -10 --------- Run | Yrd Mat Sub Machines Accessed 2 | . 1 1 Terminals 1 | . 1 . Fabricators . | . . . Repair Stations . | . . . Recycling Units . | . . . Scanalyzers . | . . . Garrison Access . | . . . Total Hacks 6 | . 5 1 Successful 3 | . 2 1 Failed 3 | . 3 . Catastrophic . | . . . Database Lockouts . | . . . Manual 5 | . 5 . Terminals 5 | . 5 . Fabricators . | . . . Repair Stations . | . . . Recycling Units . | . . . Scanalyzers . | . . . Garrison Access . | . . . Terminal Hacks 2 | . 1 1 Record 1 | . . 1 Robot Analysis 1 | . 1 . Fabricator Hacks . | . . . Repair Station Hacks . | . . . Recycling Unit Hacks . | . . . Scanalyzer . | . . . Garrison Access Hacks . | . . . Unauthorized Hacks 1 | . 1 . Terminals 1 | . 1 . Botnet 1 | . 1 . Fabricators . | . . . Repair Stations . | . . . Recycling Units . | . . . Scanalyzers . | . . . Garrison Access . | . . . Data Cores Recovered . | . . . Used . | . . . Hacking Detections 1 | . 1 . Full Trace Events . | . . . Feedback Events . | . . . Feedback Blocked . | . . . Robot Schematics Acquired . | . . . Robots Built . | . . . Authchips . | . . . Time . | . . . Total Robot Build Rating . | . . . Part Schematics Acquired . | . . . Parts Built . | . . . Authchips . | . . . Time . | . . . Total Part Build Rating . | . . . Part Studies Acquired . | . . . Parts Repaired . | . . . Time . | . . . Parts Recycled . | . . . Recycled Matter . | . . . Retrieved Matter . | . . . Retrieved Components . | . . . Parts Scanalyzed . | . . . Part Schematics Acquired . | . . . Parts Damaged . | . . . Bothacking | -11 -10 -10 ------------ Run | Yrd Mat Sub Used RIF Installer . | . . . Robots Hacked . | . . . Non-combat . | . . . Combat . | . . . Robot Hacks Applied . | . . . Relay Couplers Released . | . . . Fabnet Peak Effective % . | . . . Robots Rewired . | . . . Allies Hacked . | . . . Hacks Repelled . | . . . Allies | -11 -10 -10 -------- Run | Yrd Mat Sub Total Allies . | . . . Largest Group . | . . . Highest-Rated Group . | . . . Highest-Rated Ally . | . . . Total Orders . | . . . Ally Attacks . | . . . Total Damage . | . . . Kills . | . . . Allies Corrupted . | . . . Allies Melted . | . . . Intel | -11 -10 -10 ------- Run | Yrd Mat Sub Active Infowar (turns) 2171 | 60 90 2021 Sensors 1793 | . . 1793 Seismic 378 | 60 90 228 Robot Analysis Total 1 | . 1 . Derelict Logs Recovered 1 | . . 1 Drone Launches . | . . . Drone Recoveries . | . . . Exploration | -11 -10 -10 ------------- Run | Yrd Mat Sub Turns Passed 2258 | 123 90 2045 Spaces Moved 1938 | 86 90 1762 Core 4 | 4 . . Treads 96 | . . 96 Legs . | . . . Wheels 1838 | 82 90 1666 Hover . | . . . Flight . | . . . Fastest Speed 50 | 50 80 80 Average Speed 95 | 82 80 96 Slowest Speed 160 | 90 80 160 Overloaded Moves . | . . . Propulsion Burnouts . | . . . Robots Hopped . | . . . Potential Cave-ins 2 | . . 2 Cave-ins Triggered . | . . . Exploration Rate (%) 33 | 3 12 85 Regions Visited 2 Branch Regions 1 Pre-discovered Areas 1 | . . 1 Known Exits Taken . | . . . Unknown Exits Taken 2 | 1 1 . Scrap Searched 5 | . . 5 Spaces Dug 5 | . . 5 Terrain Destroyed 9 | . . 9 Melee . | . . . Projectile 9 | . . 9 AOE . | . . . Terrain Rammed . | . . . Walls Destroyed . | . . . Machines Disabled . | . . . Actions | -11 -10 -10 --------- Run | Yrd Mat Sub Total 2185 | 111 102 1972 Wait 93 | . . 93 Move 1936 | 85 89 1762 Hop . | . . . Pick Up 17 | 6 3 8 Fast Attach 8 | 7 . 1 Attach 1 | . . 1 Detach . | . . . Swap 41 | 1 2 38 Drop 11 | . 4 7 Fire 78 | 12 4 62 Melee . | . . . Ram . | . . . Kick . | . . . Crush . | . . . Escape Stasis . | . . . Rewire . | . . . Trap . | . . . Miscellaneous . | . . . Route ------- -11/Scrapyard -10/Materials -10/Subcaves (discovered 2 exits: [*Mat x2]) History --------- Turn | Location | Event 9 | -11/Scrapyard | Discovered new exit (range 15) 124 | -11/Scrapyard | Entered Materials 209 | -10/Materials | Discovered new exit (range 8) 214 | -10/Materials | Entered Subcaves 320 | -10/Subcaves | Build established: Mutant 321 | -10/Subcaves | A swath of the cavern ceiling suddenly collapsed 692 | -10/Subcaves | Learned location of Zion (-6) 692 | -10/Subcaves | Met a Zionite searching for "candidates" 722 | -10/Subcaves | Disturbed a concealed Subdweller 821 | -10/Subcaves | Visited Clippyterm 833 | -10/Subcaves | Discovered new exit (range 13) 921 | -10/Subcaves | Core integrity fell below 50% 1173 | -10/Subcaves | Shifting Twisted Machinery released Sub. Optics 1176 | -10/Subcaves | Shifting Twisted Machinery released Sub. Beam Cannon 2045 | -10/Subcaves | Discovered new exit (range 10) 2091 | -10/Subcaves | Shifting Twisted Machinery released Battle Rifle 2145 | -10/Subcaves | Core integrity fell below 20% 2197 | -10/Subcaves | Shifting Twisted Machinery released Sub. Machine Gun 2208 | -10/Subcaves | Learned Materials trap positions 2227 | -10/Subcaves | Shifting Twisted Machinery released Multitool 2259 | -10/Subcaves | Destroyed by JD-1MW(R) with Subdweller Laser Last Messages --------------- 01923_ Acquired 15 matter. 02045_ EXIT=FOUND Battle Rifle falls loose from the Twisted Machinery. 02109_ Acquired 36 matter. 02127_ Acquired 6 matter. 02133_ Triggered Piercing Trap. 02133_ Spikes shoot up from the floor. 02138_ Triggered Piercing Trap. 02138_ Spikes shoot up from the floor. 02138_ Critical hit (Impale). 02144_ Triggered Shrapnel Trap. 02144_ An expanding cloud of shrapnel blasts out in all directions. 02158_ Triggered Piercing Trap. 02158_ Spikes shoot up from the floor. 02158_ Critical hit (Impale). Sub. Machine Gun falls loose from the Twisted Machinery. 02199_ Acquired Sub. Machine Gun. 02208_ Acquired derelict log, extracted data. Data stored: Materials trap records. Multitool falls loose from the Twisted Machinery. Map ----- +----------------------------------------------------+ | | | | | | | | | | | | | | | | | | | | | | | | | | | ?????????????????????????????????????????????????? | | ?????????????????????????????????????????????????? | | ?????????????????????????????????????????????????? | | ?????????????????????????????????????????????????? | | ?????????????????????????????????????????????????? | | ?????????????????????????????????????????????????? | | ?????????????????????????????????????????????????? | | ?????????????????????????????????????????????????? | | ?????????????????????#####???????????????????????? | | ??????????????????????$$$"##?????????????????????? | | ???????????????????????? & #?????????????????????? | | ??????????????????????####R#?????????????????????? | | ??????????????????????# @<#?????????????????????? | | ?????????????????????### ###?????????????????????? | | ##???????????????????# < "##?????????????????????? | | ##???????????????#### ##????????????????????? | | #??????????????## #????????????????????? | | #??#####???????# #????????????????????? | | ### #?????### ######???????????????? | | # #????## #???????????????? | | # ###### " ##??????????????? | | # ## " " #??????????????? | | " #??????????????? | | # " #??????????????? | | ?# ## ###"## """ #??????????????? | | ?#?# ## #?##### """ ###??????????????? | | ???# ##?????#"""" ## ##????????????????? | | ???# #####??#" "| #?## #?????????????????? | | ???# ### #??##### #??? #????????????????? | | ???# ### #??????### #??? ##????????????????? | | ??## #" ####?????## ???? ?????????????????? | | ??# " " "#??????# ??? #????????????????? | | ??## "" "" "##?????? ###??? #????????????????? | | #### ### " #??????? ##??????#????????????????? | | # ##### ##?????? ?????????????????????????? | | # #?#" #?????? ?????????????????????????? | | ## #?## ##?????????????????? ?????????????? | +----------------------------------------------------+ Best States ------------- Heat Dissipation 25 Coolant Potential 50 Energy Generation 12 Energy Capacity 265 Matter Stores 300 Matter Capacity 300 Sight Range 16 Robot Scan Range 14 Terrain Scan Density 10 Evasion (%) 44 Recoil Reduction 2 Item Schematics ----------------- None Robot Schematics ------------------ None Fabricated ------------ Nothing Repaired ---------- Nothing Studied --------- None Alien Tech Used ----------------- None Achievements -------------- None Challenges ------------ None Game ------ Seed NovaGravityPrototype Manual? 0 Play Time 00:20:41 Cumulative 130.7 hours Start 2026.08.29 @ 14:14:39 End 2026.08.29 @ 14:33:18 Sessions 1 Manual Loads 0 Difficulty Rogue Special Mode None Game No. 131 Rogue 131 Adventurer 0 Explorer 0 Win Type - Total 0 Types 0/0/0/0/0/0/0/0/0/0 Lore% 64 Gallery% 49 Achievement% 42 Wizard Run 0 Options --------- Layout 0 ASCII 0 Keyboard 1 Movement Vi Keybinds 0 Fullscreen 2 Font 18/SmallcapsGlow Map View 76x50 Zoom Use 0% Tactical HUD 1 Map Filters NONE Filters NONE Steam 1 RUN: 6e6bcacd-bffc-4710-b16e-c914a4365c10